AoeStats
← callummitchell7511

Arabia

509641955Analyzed
2v2 RM · 4d ago on Sep 27, 2026· 29m 23s· 4 players
Game mode
Random Map
Map size
Medium (4 player)
Population
200
Speed
Normal
Resources
Standard
Victory
Conquest
Starting age
Dark Age
Ending age
Imperial Age
RankedLock teamsTeams togetherTeam positionsShared explorationLock speedFull tech treeHidden civsTurbo modeCheats
Victory
Defeat
🇬🇧 Vikings · United Kingdom
1086
+14
🇬🇧 Ethiopians · United Kingdom
1077
+14
🇹🇭 Bulgarians · Thailand
1084
-16
🇹🇭 Franks · Thailand
994
-12
Jontelang
6:10 Loom
9:16 Feudal Age
14:32 Scale Barding Armor
16:55 Forging
23:09 Castle Age
23:59 Husbandry
Minotan
6:30 Loom
9:30 Feudal Age
10:23 Double-Bit Axe
19:21 Castle Age
18:20 Horse Collar
21:09 Scale Barding Armor
21:19 Bloodlines
22:24 Bow Saw
24:09 Forging
24:46 Fletching
27:02 Bloodlines
26:49 Gold Mining
callummitchell7511
9:53 Feudal Age
8:19 Loom
10:50 Double-Bit Axe
12:23 Horse Collar
13:02 Fletching
13:38 Town Watch
22:00 Castle Age
20:14 Gold Mining
21:46 Padded Archer Armor
22:07 Crossbowman
22:46 Bodkin Arrow
23:07 Leather Archer Armor
24:34 Wheelbarrow
25:00 Thumb Ring
28:40 Ballistics
kyleanderson041199
7:12 Loom
10:09 Feudal Age
11:01 Arson
10:37 Man-at-Arms
14:12 Horse Collar
20:00 Town Watch
20:14 Double-Bit Axe
20:39 Town Watch
21:46 Gold Mining
23:12 Forging
23:03 Scale Mail Armor
25:17 Castle Age
28:07 Bow Saw
Connection lost

Rejoining the realm…

Still unreachable

The connection could not be restored.

Session expired

The server has moved on; the page needs a fresh start.